 Dungeon Crawl Stone Soup version 0.22.1-1-ga44c0e56f4 (webtiles) character file.

77 Jannitor the Ruffian (level 4, -1/37 HPs)
             Began as a Hill Orc Transmuter on Nov 2, 2018.
             Killed from afar by an orc wizard (6 damage)
             ... with a magic dart
             ... on level 2 of the Dungeon.
             The game lasted 00:02:44 (2340 turns).

Jannitor the Ruffian (Hill Orc Transmuter)          Turns: 2340, Time: 00:02:44

Health: -1/37      AC:  3    Str: 12    XL:     4   Next: 33%
Magic:  5/6        EV: 12    Int: 14    God:
Gold:   146        SH:  0    Dex: 11    Spells: 5/6 levels left

rFire    . . .     SeeInvis .     - Unarmed
rCold    . . .     Gourm    .   (no shield)
rNeg     . . .     Faith    .   b - +0 robe
rPois    .         Spirit   .   (no helmet)
rElec    .         Reflect  .   (no cloak)
rCorr    .         Harm     .   (no gloves)
MR       .....                  e - +0 pair of boots
Stlth    +.........             (no amulet)
HPRegen  0.12/turn              (no ring)
MPRegen  0.10/turn              (no ring)

@: very slightly contaminated
A: no striking features
a: no special abilities


You were on level 2 of the Dungeon.
You were hungry.

You visited 1 branch of the dungeon, and saw 3 of its levels.

You collected 146 gold pieces.

Inventory:

Missiles
 a - 49 arrows
Armour
 b - a +0 robe (worn)
 e - a +0 pair of boots (worn)
Scrolls
 c - a scroll of remove curse {unknown}
 g - a scroll of random uselessness {unknown}
 i - 3 scrolls of identify {unknown}
 j - 3 scrolls of teleportation {unknown}
 l - a scroll of fog {unknown}
Potions
 f - a potion of invisibility {unknown}
 h - a potion of haste {unknown}
 k - a potion of degeneration {unknown}
 m - a potion of flight {unknown}
 o - a potion of agility {unknown}
Comestibles
 d - 7 rations


   Skills:
 + Level 2.5 Fighting
 - Level 1.6 Dodging
 * Level 4.4 Unarmed Combat
 - Level 1.6 Spellcasting
 + Level 2.0 Transmutations


You had 5 spell levels left.
You knew the following spells:

 Your Spells              Type           Power        Failure   Level  Hunger
a - Beastly Appendage     Tmut           #.....       11%         1    ##.....

Your spell library contained the following spells:

 Spells                   Type           Power        Failure   Level  Hunger
 Sticks to Snakes         Tmut           #.......     16%         2    ###....
 Spider Form              Tmut/Pois      #.........   43%         3    ####...
 Ice Form                 Ice/Tmut       #.......     85%         4    #####..
 Blade Hands              Tmut           #.........   96%         5    ######.


Dungeon Overview and Level Annotations

Branches:
Dungeon (3/15)

Altars:
Kikubaaqudgha
Makhleb
Qazlal
Zin


Message History

The orc wizard hits you but does no damage.
Unknown command.
The orc wizard hits you with a dagger. The orc hits you but does no damage.
You climb upwards.
There is a stone staircase leading down here.
Unknown command.
Unknown command.
Unknown command.
Casting: Beastly Appendage (safe; 11% risk of failure)
Confirm with . or Enter, or press ? or * to list all spells.
You miscast Beastly Appendage.
You are very lightly contaminated with residual magic.
Your skin tingles.
The orc wizard points at you and mumbles some strange words.
The puff of flame hits you!
* * * LOW HITPOINT WARNING * * *
The orc misses you. The orc wizard casts a spell at you.
The magic dart hits you!
You die...

......#
#.....####.###.....#
####### ##...## #.#
##..#.# #####
#.####..#.# #..........
#######.### #########
#.# ........# ###
#####.### ..#####.#
##o#######.....[..
....###.##
#@o......#.###.##.
###......#
##.#####.......##.
.######.># #.#
###.##..... .######..#
###.##### #.#.....<
.........### #.......#
#........
###........####.#.###.#
#.###.###
#.#.......##.....##.#
#........
#.#.##.#..###...###.#
#####.### #.#.##.#..#
#.......# ##+##


You could see an orc wizard and an orc.

Vanquished Creatures
  A centaur skeleton (D:2)
  An adder (D:2)
  A dart slug (D:1)
  A leopard gecko (D:1)
  4 orcs (D:3)
  4 bats
  A giant cockroach (D:2)
  3 hobgoblins (D:2)
  3 kobolds
  3 quokkas
  5 frilled lizards
  3 goblins
  A rat (D:1)
31 creatures vanquished.

Notes
Turn   | Place    | Note
-------+----------+-------------------------------------------
     0 | D:1      | Jannitor the Hill Orc Transmuter began the quest for the
                  | Orb.
     0 | D:1      | Reached XP level 1. HP: 16/16 MP: 3/3
   331 | D:1      | Reached XP level 2. HP: 19/23 MP: 4/4
  1077 | D:2      | Found a stormy altar of Qazlal.
  1244 | D:2      | Reached XP level 3. HP: 21/29 MP: 3/5
  1476 | D:2      | Reached skill level 4 in Unarmed Combat
  1482 | D:2      | Found an ancient bone altar of Kikubaaqudgha.
  1553 | D:2      | Found a burning altar of Makhleb.
  1558 | D:2      | Found a glowing silver altar of Zin.
  1558 | D:2      | Noticed an Executioner
  1558 | D:2      | Noticed an angel
  1572 | D:2      | Reached XP level 4. HP: 22/36 MP: 6/6
  2108 | D:2      | Found a faded altar of an unknown god.
  2340 | D:2      | Killed from afar by an orc wizard

Skill      XL: |  1  2  3  4 |
---------------+-------------+-----
Fighting       | 2 |  2.5
Unarmed Combat | 4 |  4.4
Transmutations | 2 |  2.0
Dodging        | |  1.6
Spellcasting   | |  1.6

Action                   |  1- 3 |  4- 6 || total
-------------------------+-------+-------++-------
Melee: Unarmed           |    54 |    53 ||   107
       Headbutt          |     2 |     5 ||     7
 Cast: Beastly Appendage |     3 |     3 ||     6
 Stab: Sleeping          |     1 |       ||     1
  Eat: Chunk             |     2 |     2 ||     4
Armor: Robe              |     7 |    19 ||    26
Dodge: Dodged            |    35 |    42 ||    77
